National vs Inferno
(R1)
Created - 29 avril 2013 at 19:13
Goals
|
| National |
0 |
0 |
4 |
1 |
5 |
| Inferno |
1 |
1 |
2 |
0 |
4 |
|
Shots
|
| National |
6 |
6 |
16 |
1 |
29 |
| Inferno |
11 |
21 |
14 |
0 |
46 |
|
1st period
1. Inferno , Branko Radivojevic 50 (Jay Pandolfo, Josh Harding) at 4:58
Penalties :
Brian Boyle (Anc) for Hooking (Minor) at 0:27, Brad Marchand (Anc) for Roughing (Minor) at 9:19, Maksim Mayorov (Que) for Interference (Minor) at 9:19, Alex Grant (Que) for Diving (Minor) at 18:13
2nd period
2. Inferno , Alex Berry 6 (Jake Dowell) at 17:07
Penalties :
Brendan Smith (Anc) for Hooking (Minor) at 6:49, Brian Boyle (Anc) for Tripping (Minor) at 7:02, Cédric Lalonde-McNicoll (Que) for Holding (Minor) at 8:55, Jay Pandolfo (Anc) for Tripping (Minor) at 17:20
3rd period
3. National , Pasi Salonen 16 (Jonathan Cheechoo) at 5:26
4. Inferno , Jay Pandolfo 32 (Matt Smaby, Mikhail Grabovski) at 5:34
5. National , Guillaume Desbiens 35 (Rico Fata, Dustin Kohn) at 10:54 (PP)
6. Inferno , Mikhail Grabovski 44 (Andrej Sekera, Jay Pandolfo) at 11:10
7. National , Pasi Salonen 17 (Cédric Lalonde-McNicoll) at 11:39 (PP)
8. National , Jonathan Cheechoo 40 (Cédric Lalonde-McNicoll, Igor Makarov) at 19:26
Penalties :
Brian Boyle (Anc) for Tripping (Minor) at 1:40, Brad Marchand (Anc) for Holding (Minor) at 9:27, Branko Radivojevic (Anc) for Tripping (Minor) at 11:21, Ben Maxwell (Que) for Holding Stick (Minor) at 14:19, James Marcou (Que) for Holding (Minor) at 16:54
Overtime #1
9. National , Igor Makarov 17 (Dustin Kohn) at 2:41
Penalties :
No Penalty
Goalie Stats
Steve Shields (Que), 42 saves from 46 shots - (0,913), W, 20-25-6, 62:24 minutes
Josh Harding (Anc), 24 saves from 29 shots - (0,828), OTL, 18-20-6, 62:41 minutes
Players Stats for National
Player Name G A P +/- PIM S H SB GA TA FO MP PP MP PK MP
------------------------------------------------------------------------------------
Alex Grant 0 0 0 -1 2 0 0 0 0 0 0/0 3:55 0:00 0:00
Ben Maxwell 0 0 0 0 2 0 1 0 0 0 7/16 15:20 4:11 0:26
Cédric Lalonde-McNicoll 0 2 2 0 2 2 1 0 0 0 6/25 19:11 5:31 0:00
Daniel Rahimi 0 0 0 1 0 0 0 1 0 0 0/0 8:38 0:00 0:00
Dustin Kohn 0 2 2 1 0 3 2 1 0 1 0/0 22:12 4:10 2:43
Erik Gustafsson 0 0 0 1 0 1 0 0 0 0 0/0 8:35 0:00 0:00
Guillaume Desbiens 1 0 1 0 0 2 1 0 1 0 0/0 18:28 4:11 2:18
Igor Makarov 1 1 2 0 0 2 3 0 0 1 0/0 13:35 0:08 0:00
James Marcou 0 0 0 0 2 3 1 0 0 0 0/1 6:30 0:05 1:01
Jonathan Cheechoo 1 1 2 0 0 4 1 3 0 0 0/0 22:32 5:32 2:18
Maksim Mayorov 0 0 0 -2 2 1 0 0 0 0 0/1 14:08 0:00 1:24
Mathieu Carle 0 0 0 -2 0 4 2 0 1 1 0/0 29:26 5:38 5:07
Pasi Salonen 2 0 2 -1 0 3 1 2 0 1 4/16 26:33 5:29 4:09
Philip DeSimone 0 0 0 -1 0 2 0 0 0 1 6/7 13:02 0:05 0:00
Rico Fata 0 1 1 0 0 1 0 0 1 0 0/0 22:58 4:11 4:04
Ty Wishart 0 0 0 1 0 1 1 1 0 0 0/0 21:31 4:10 2:43
William Colbert 0 0 0 -2 0 0 0 2 0 1 0/0 29:39 5:38 5:07
Yuri Alexandrov 0 0 0 -1 0 0 0 0 0 0 0/0 4:13 0:00 0:00
Players Stats for Inferno
Player Name G A P +/- PIM S H SB GA TA FO MP PP MP PK MP
------------------------------------------------------------------------------------
Alec Martinez 0 0 0 1 0 1 0 0 0 1 0/0 10:02 0:00 0:00
Alex Berry 1 0 1 0 0 2 0 0 0 0 0/0 7:52 0:13 0:00
Andrej Sekera 0 1 1 -1 0 4 1 1 0 0 0/0 30:41 4:38 6:38
Brad Marchand 0 0 0 -2 4 2 3 0 3 0 0/0 17:37 3:18 1:33
Branko Radivojevic 1 0 1 1 2 5 1 0 0 0 2/2 22:24 4:19 4:10
Brendan Mikkelson 0 0 0 1 0 0 0 1 0 0 0/0 12:59 0:00 3:10
Brendan Smith 0 0 0 1 2 1 2 0 0 0 0/0 18:02 3:12 0:02
Brian Boyle 0 0 0 0 6 0 2 0 0 1 7/11 16:07 1:02 2:20
Derek Meech 0 0 0 1 0 3 2 2 1 0 0/0 21:12 3:12 3:10
Jake Dowell 0 1 1 1 0 2 1 1 0 0 3/6 10:31 0:00 2:31
Jay Pandolfo 1 2 3 1 2 3 2 0 1 0 2/2 18:01 3:29 1:34
Jonathan Ferland 0 0 0 1 0 2 4 1 0 0 0/0 14:25 3:18 0:00
Matt Smaby 0 1 1 -1 0 5 4 2 0 0 0/0 30:33 4:38 6:38
Mikhail Grabovski 1 1 2 1 0 5 0 0 0 0 21/33 20:23 4:19 2:14
Pierre-Luc Létourneau 0 0 0 1 0 2 2 0 1 1 5/5 10:27 0:14 3:25
Stephane Veilleux 0 0 0 -2 0 3 0 0 0 0 1/2 11:17 0:00 0:00
Vladimir Sobotka 0 0 0 1 0 3 1 0 0 0 2/5 13:58 3:18 0:00
Vladimir Zharkov 0 0 0 1 0 3 1 0 0 0 0/0 10:26 0:00 0:00
3 Stars
1 - Jay Pandolfo (Anc)
2 - Pasi Salonen (Que)
3 - Igor Makarov (Que)
Power Play
National - 2 on 7 Attempt(s) - 28,57%
Inferno - 0 on 4 Attempt(s) - 0,00%
Penalty Kill
National - 4 on 4 Attempt(s) - 100,00%
- Score 0 goal in Penalty Kill
Inferno - 5 on 7 Attempt(s) - 71,43%
- Score 0 goal in Penalty Kill
Official
Referees : StPierre Justin and Sutherland Kelly
Linesman : Andy McElman and Derek Nansen
Game Notes
No Game Note
National
5 vs 5 Forward
Center Left Wing Right Wing Time % Phy DF OF
1 Cédric Lalonde-McNicoll Pasi Salonen Jonathan Cheechoo 40 1 2 2
2 Ben Maxwell Rico Fata Guillaume Desbiens 30 1 2 2
3 Philip DeSimone Maksim Mayorov Igor Makarov 20 1 2 2
4 Pasi Salonen Rico Fata James Marcou 10 1 2 2
5 vs 5 Defense
Defense Defense Time % Phy DF OF
1 William Colbert Mathieu Carle 40 1 2 2
2 Dustin Kohn Ty Wishart 30 1 2 2
3 Erik Gustafsson Daniel Rahimi 20 1 2 2
4 Yuri Alexandrov Alex Grant 10 1 2 2
PowerPlay Forward
Center Left Wing Right Wing Time % Phy DF OF
1 Cédric Lalonde-McNicoll Pasi Salonen Jonathan Cheechoo 60 1 2 2
2 Ben Maxwell Rico Fata Guillaume Desbiens 40 1 2 2
PowerPlay Defense
Defense Defense Time % Phy DF OF
1 William Colbert Mathieu Carle 60 1 2 2
2 Dustin Kohn Ty Wishart 40 1 2 2
Penalty Kill 4 Players Forward
Center Wing Time % Phy DF OF
1 Pasi Salonen Rico Fata 60 1 2 2
2 Jonathan Cheechoo Guillaume Desbiens 40 1 2 2
Penalty Kill 4 Players Defense
Defense Defense Time % Phy DF OF
1 William Colbert Mathieu Carle 60 1 2 2
2 Dustin Kohn Ty Wishart 40 1 2 2
Penalty Kill - 3 Players Forward
Forward Time % Phy DF OF
1 Pasi Salonen 60 1 2 2
2 Rico Fata 40 1 2 2
Penalty Kill - 3 Players Defense
Defense Defense Time % Phy DF OF
1 William Colbert Mathieu Carle 60 1 2 2
2 Dustin Kohn Ty Wishart 40 1 2 2
4 vs 4 Forward
Center Wing Time % Phy DF OF
1 Pasi Salonen Rico Fata 60 1 2 2
2 Jonathan Cheechoo Guillaume Desbiens 40 1 2 2
4 vs 4 Defense
Defense Defense Time % Phy DF OF
1 William Colbert Mathieu Carle 60 1 2 2
2 Dustin Kohn Ty Wishart 40 1 2 2
Last Minutes Offensive
Center Left Wing Right Wing Defense Defense
Cédric Lalonde-McNicoll Pasi Salonen Jonathan Cheechoo William Colbert Mathieu Carle
Last Minutes Defensive
Center Left Wing Right Wing Defense Defense
Cédric Lalonde-McNicoll Pasi Salonen Jonathan Cheechoo William Colbert Mathieu Carle
Goaltenders
Starting : Steve Shields
Backup : Jeff Frazee
Extra Forwards
Normal : Igor Makarov, Philip DeSimone, James Marcou - PP : Igor Makarov, Philip DeSimone - PK : James Marcou
Extra Defensemen
Normal : Erik Gustafsson, Daniel Rahimi, Yuri Alexandrov - PP : Erik Gustafsson - PK : Daniel Rahimi, Yuri Alexandrov
Penalty Shots
Pasi Salonen, Rico Fata, Jonathan Cheechoo, Guillaume Desbiens, Igor Makarov
Inferno
5 vs 5 Forward
Center Left Wing Right Wing Time % Phy DF OF
1 Mikhail Grabovski Jay Pandolfo Branko Radivojevic 40 1 2 2
2 Brian Boyle Stephane Veilleux Jonathan Ferland 30 1 2 2
3 Vladimir Sobotka Brad Marchand Vladimir Zharkov 20 1 2 2
4 Jake Dowell Pierre-Luc Létourneau Alex Berry 10 1 2 2
5 vs 5 Defense
Defense Defense Time % Phy DF OF
1 Matt Smaby Andrej Sekera 40 1 2 2
2 Brendan Smith Derek Meech 30 1 2 2
3 Brendan Mikkelson Alec Martinez 20 1 2 2
4 Matt Smaby Andrej Sekera 10 1 2 2
PowerPlay Forward
Center Left Wing Right Wing Time % Phy DF OF
1 Mikhail Grabovski Jay Pandolfo Branko Radivojevic 60 1 2 2
2 Vladimir Sobotka Brad Marchand Jonathan Ferland 40 1 2 2
PowerPlay Defense
Defense Defense Time % Phy DF OF
1 Matt Smaby Andrej Sekera 60 1 2 2
2 Brendan Smith Derek Meech 40 1 2 2
Penalty Kill 4 Players Forward
Center Wing Time % Phy DF OF
1 Brian Boyle Branko Radivojevic 60 1 2 2
2 Mikhail Grabovski Jay Pandolfo 40 1 2 2
Penalty Kill 4 Players Defense
Defense Defense Time % Phy DF OF
1 Matt Smaby Andrej Sekera 60 1 2 2
2 Brendan Mikkelson Derek Meech 40 1 2 2
Penalty Kill - 3 Players Forward
Forward Time % Phy DF OF
1 Brian Boyle 60 1 2 2
2 Jay Pandolfo 40 1 2 2
Penalty Kill - 3 Players Defense
Defense Defense Time % Phy DF OF
1 Matt Smaby Andrej Sekera 60 1 2 2
2 Brendan Mikkelson Derek Meech 40 1 2 2
4 vs 4 Forward
Center Wing Time % Phy DF OF
1 Mikhail Grabovski Branko Radivojevic 60 1 2 2
2 Brian Boyle Jay Pandolfo 40 1 2 2
4 vs 4 Defense
Defense Defense Time % Phy DF OF
1 Matt Smaby Andrej Sekera 60 1 2 2
2 Brendan Smith Derek Meech 40 1 2 2
Last Minutes Offensive
Center Left Wing Right Wing Defense Defense
Mikhail Grabovski Jay Pandolfo Branko Radivojevic Matt Smaby Andrej Sekera
Last Minutes Defensive
Center Left Wing Right Wing Defense Defense
Mikhail Grabovski Jay Pandolfo Branko Radivojevic Matt Smaby Andrej Sekera
Goaltenders
Starting : Josh Harding
Backup : Jonathan Boutin
Extra Forwards
Normal : Brad Marchand, Jonathan Ferland, Stephane Veilleux - PP : Brad Marchand, Pierre-Luc Létourneau - PK : Pierre-Luc Létourneau
Extra Defensemen
Normal : Derek Meech, Brendan Smith, Alec Martinez - PP : Brendan Smith - PK : Derek Meech, Brendan Mikkelson
Penalty Shots
Branko Radivojevic, Jay Pandolfo, Stephane Veilleux, Jonathan Ferland, Mikhail Grabovski
% Time on Ice - National
Lines # - Real PCT - Wanted PCT - Time Play
Normal Forward
1 - 36% - 40% - 14:24
2 - 26% - 30% - 10:22
3 - 30% - 20% - 11:47
4 - 8% - 10% - 3:16
Normal Defense
1 - 39% - 40% - 15:22
2 - 32% - 30% - 12:46
3 - 20% - 20% - 7:47
4 - 10% - 10% - 3:54
PP Forward
1 - 57% - 60% - 5:37
2 - 43% - 40% - 4:11
PP Defense
1 - 57% - 60% - 5:38
2 - 43% - 40% - 4:10
PK Forward
1 - 71% - 60% - 5:32
2 - 29% - 40% - 2:18
PK Defense
1 - 65% - 60% - 5:07
2 - 35% - 40% - 2:43
PK3 Forward
1 - 0% - 60%
2 - 0% - 40%
PK3 Defense
1 - 0% - 60%
2 - 0% - 40%
44 Forward
1 - 70% - 60% - 3:20
2 - 30% - 40% - 1:26
44 Defense
1 - 74% - 60% - 3:33
2 - 26% - 40% - 1:13
Last Minute Offensive - 0:28
Last Minute Defensive - 0:00
Total
Forward - 62:41
Defense - 62:41
|
% Time on Ice - Inferno
Lines # - Real PCT - Wanted PCT - Time Play
Normal Forward
1 - 32% - 40% - 12:53
2 - 25% - 30% - 9:47
3 - 26% - 20% - 10:26
4 - 17% - 10% - 6:42
Normal Defense
1 - 42% - 40% - 16:43
2 - 34% - 30% - 13:35
3 - 24% - 20% - 9:30
4 - 0% - 10% - 0:00
PP Forward
1 - 58% - 60% - 4:32
2 - 42% - 40% - 3:18
PP Defense
1 - 59% - 60% - 4:38
2 - 41% - 40% - 3:12
PK Forward
1 - 77% - 60% - 6:12
2 - 23% - 40% - 1:50
PK Defense
1 - 67% - 60% - 5:23
2 - 33% - 40% - 2:39
PK3 Forward
1 - 100% - 60% - 1:46
2 - 0% - 40% - 0:00
PK3 Defense
1 - 71% - 60% - 1:15
2 - 29% - 40% - 0:31
44 Forward
1 - 70% - 60% - 3:20
2 - 30% - 40% - 1:26
44 Defense
1 - 75% - 60% - 3:35
2 - 25% - 40% - 1:11
Last Minute Offensive - 0:00
Last Minute Defensive - 0:29
Total
Forward - 62:41
Defense - 62:41
|
Play by Play
1st period
0:01 of 1st period - Cédric Lalonde-McNicoll wins face-off versus Mikhail Grabovski in neutral zone.
0:27 of 1st period - Minor Penalty to Brian Boyle for Hooking.
0:28 of 1st period - Pierre-Luc Létourneau wins face-off versus Cédric Lalonde-McNicoll in Inferno zone.
0:54 of 1st period - Rico Fata is hit by Andrej Sekera and loses puck.
2:27 of 1st period - Penalty to Brian Boyle is over, Brian Boyle is back on ice.
2:28 of 1st period - Matt Smaby is hit by Mathieu Carle and loses puck.
2:37 of 1st period - Jonathan Cheechoo is hit by Matt Smaby and loses puck.
2:54 of 1st period - Wrist shot by Brian Boyle.
2:54 of 1st period - Shot Blocked by Jonathan Cheechoo.
3:20 of 1st period - Wrist shot by Brad Marchand.
3:20 of 1st period - Shot Misses the Net.
3:24 of 1st period - Snap shot by Brian Boyle.
3:24 of 1st period - Shot Misses the Net.
3:26 of 1st period - Slapshot by Andrej Sekera.
3:26 of 1st period - Stopped by Steve Shields with a rebound.
3:28 of 1st period - Slapshot by Brian Boyle.
3:28 of 1st period - Shot Misses the Net.
3:44 of 1st period - Slapshot by Matt Smaby.
3:44 of 1st period - Deflect By Brian Boyle.
3:44 of 1st period - Shot Misses the Net.
3:44 of 1st period - Puck is out of play.
3:45 of 1st period - Mikhail Grabovski wins face-off versus Ben Maxwell in National zone.
4:10 of 1st period - Dustin Kohn is hit by Brendan Smith and loses puck.
4:58 of 1st period - Snap shot by Branko Radivojevic.
4:58 of 1st period - Goal by Branko Radivojevic - National : 0 - Inferno : 1.
4:59 of 1st period - Ben Maxwell wins face-off versus Brian Boyle in neutral zone.
5:10 of 1st period - Snap shot by Stephane Veilleux.
5:10 of 1st period - Stopped by Steve Shields without a rebound.
5:11 of 1st period - Brian Boyle wins face-off versus Ben Maxwell in National zone.
5:14 of 1st period - Snap shot by Jonathan Ferland.
5:14 of 1st period - Stopped by Steve Shields with a rebound.
5:20 of 1st period - Snap shot by Stephane Veilleux.
5:20 of 1st period - Stopped by Steve Shields without a rebound.
5:21 of 1st period - Brian Boyle wins face-off versus Ben Maxwell in National zone.
5:26 of 1st period - Slapshot by Jonathan Ferland.
5:26 of 1st period - Shot Misses the Net.
5:28 of 1st period - Slapshot by Brian Boyle.
5:28 of 1st period - Shot Misses the Net.
5:30 of 1st period - Slapshot by Brendan Smith.
5:30 of 1st period - Deflect By Mathieu Carle.
5:30 of 1st period - Stopped by Steve Shields with a rebound.
5:32 of 1st period - Slapshot by Derek Meech.
5:32 of 1st period - Stopped by Steve Shields without a rebound.
5:33 of 1st period - Vladimir Sobotka wins face-off versus Philip DeSimone in National zone.
5:40 of 1st period - Backhand shot by Brad Marchand.
5:40 of 1st period - Deflect By Vladimir Zharkov.
5:40 of 1st period - Shot Misses the Net.
5:40 of 1st period - Puck is out of play.
5:41 of 1st period - Philip DeSimone wins face-off versus Vladimir Sobotka in National zone.
5:50 of 1st period - Snap shot by Igor Makarov.
5:50 of 1st period - Stopped by Josh Harding with a rebound.
5:56 of 1st period - Dustin Kohn is hit by Vladimir Zharkov and loses puck.
6:19 of 1st period - Slapshot by Dustin Kohn.
6:19 of 1st period - Stopped by Josh Harding with a rebound.
6:41 of 1st period - Wrist shot by Brad Marchand.
6:41 of 1st period - Stopped by Steve Shields with a rebound.
6:43 of 1st period - Snap shot by Brad Marchand.
6:43 of 1st period - Shot Misses the Net.
7:11 of 1st period - Snap shot by Igor Makarov.
7:11 of 1st period - Shot Blocked by Derek Meech.
7:34 of 1st period - Snap shot by Vladimir Sobotka.
7:34 of 1st period - Stopped by Steve Shields with a rebound.
7:38 of 1st period - Wrist shot by Brad Marchand.
7:38 of 1st period - Shot Misses the Net.
7:40 of 1st period - Slapshot by Derek Meech.
7:40 of 1st period - Shot Misses the Net.
7:50 of 1st period - Wrist shot by Igor Makarov.
7:50 of 1st period - Shot Blocked by Derek Meech.
8:16 of 1st period - Snap shot by Brad Marchand.
8:16 of 1st period - Stopped by Steve Shields with a rebound.
8:18 of 1st period - Wrist shot by Brad Marchand.
8:18 of 1st period - Shot Misses the Net.
8:20 of 1st period - Slapshot by Vladimir Zharkov.
8:20 of 1st period - Stopped by Steve Shields with a rebound.
8:22 of 1st period - Snap shot by Vladimir Zharkov.
8:22 of 1st period - Shot Misses the Net.
8:34 of 1st period - Wrist shot by Brad Marchand.
8:34 of 1st period - Shot Blocked by Dustin Kohn.
9:04 of 1st period - Derek Meech is hit by Dustin Kohn.
9:19 of 1st period - Minor Penalty to Brad Marchand for Roughing.
9:19 of 1st period - Minor Penalty to Maksim Mayorov for Interference.
9:20 of 1st period - Mikhail Grabovski wins face-off versus Pasi Salonen in National zone.
10:07 of 1st period - Off-side.
10:08 of 1st period - Mikhail Grabovski wins face-off versus Pasi Salonen in neutral zone.
10:35 of 1st period - Guillaume Desbiens is hit by Jay Pandolfo and loses puck.
11:19 of 1st period - Penalty to Brad Marchand is over, Brad Marchand is back on ice.
11:19 of 1st period - Penalty to Maksim Mayorov is over, Maksim Mayorov is back on ice.
11:26 of 1st period - Mathieu Carle is hit by Pierre-Luc Létourneau.
11:32 of 1st period - Guillaume Desbiens is hit by Matt Smaby and loses puck.
11:47 of 1st period - Alex Grant is hit by Brian Boyle and loses puck.
12:26 of 1st period - Ben Maxwell is hit by Jonathan Ferland and loses puck.
13:41 of 1st period - William Colbert is hit by Pierre-Luc Létourneau and loses puck.
14:03 of 1st period - Icing by Branko Radivojevic.
14:04 of 1st period - Ben Maxwell wins face-off versus Jake Dowell in Inferno zone.
15:06 of 1st period - Pierre-Luc Létourneau is hit by Pasi Salonen and loses puck.
18:12 of 1st period - Icing by Branko Radivojevic.
18:13 of 1st period - Jake Dowell wins face-off versus James Marcou in Inferno zone.
18:13 of 1st period - Minor Penalty to Alex Grant for Diving.
18:14 of 1st period - Jay Pandolfo wins face-off versus Pasi Salonen in National zone.
18:39 of 1st period - Mathieu Carle is hit by Brad Marchand and loses puck.
18:56 of 1st period - Wrist shot by Dustin Kohn.
18:56 of 1st period - Shot Blocked by Matt Smaby.
18:58 of 1st period - Slapshot by Dustin Kohn.
18:58 of 1st period - Shot Misses the Net.
19:00 of 1st period - Slapshot by Dustin Kohn.
19:00 of 1st period - Stopped by Josh Harding with a rebound.
19:02 of 1st period - Snap shot by James Marcou.
19:02 of 1st period - Stopped by Josh Harding with a rebound.
19:04 of 1st period - Slapshot by William Colbert.
19:04 of 1st period - Shot Blocked by Jonathan Ferland.
19:06 of 1st period - Slapshot by Mathieu Carle.
19:06 of 1st period - Deflect By James Marcou.
19:06 of 1st period - Stopped by Josh Harding with a rebound.
19:08 of 1st period - Slapshot by Mathieu Carle.
19:08 of 1st period - Stopped by Josh Harding with a rebound.
19:24 of 1st period - Branko Radivojevic is hit by Mathieu Carle and loses puck.
2nd period
0:01 of 2nd period - Mikhail Grabovski wins face-off versus Pasi Salonen in neutral zone.
0:11 of 2nd period - Slapshot by Branko Radivojevic.
0:11 of 2nd period - Stopped by Steve Shields with a rebound.
0:13 of 2nd period - Penalty to Alex Grant is over, Alex Grant is back on ice.
0:13 of 2nd period - Snap shot by Mikhail Grabovski.
0:13 of 2nd period - Stopped by Steve Shields without a rebound.
0:14 of 2nd period - Brian Boyle wins face-off versus Cédric Lalonde-McNicoll in National zone.
0:29 of 2nd period - Slapshot by Brian Boyle.
0:29 of 2nd period - Shot Misses the Net.
0:43 of 2nd period - Snap shot by Mikhail Grabovski.
0:43 of 2nd period - Stopped by Steve Shields with a rebound.
0:49 of 2nd period - Wrist shot by Mikhail Grabovski.
0:49 of 2nd period - Shot Blocked by William Colbert.
1:24 of 2nd period - Slapshot by Matt Smaby.
1:24 of 2nd period - Stopped by Steve Shields without a rebound.
1:25 of 2nd period - Branko Radivojevic wins face-off versus Ben Maxwell in National zone.
1:57 of 2nd period - Ty Wishart is hit by Brian Boyle and loses puck.
2:12 of 2nd period - Wrist shot by Pasi Salonen.
2:12 of 2nd period - Shot Blocked by Brendan Mikkelson.
2:20 of 2nd period - Wrist shot by Pierre-Luc Létourneau.
2:20 of 2nd period - Deflect By Jonathan Cheechoo.
2:20 of 2nd period - Shot Misses the Net.
2:20 of 2nd period - Puck is out of play.
2:21 of 2nd period - Ben Maxwell wins face-off versus Mikhail Grabovski in National zone.
3:13 of 2nd period - Wrist shot by Andrej Sekera.
3:13 of 2nd period - Shot Misses the Net.
3:15 of 2nd period - Slapshot by Andrej Sekera.
3:15 of 2nd period - Shot Misses the Net.
3:17 of 2nd period - Snap shot by Andrej Sekera.
3:17 of 2nd period - Stopped by Steve Shields with a rebound.
3:19 of 2nd period - Slapshot by Pierre-Luc Létourneau.
3:19 of 2nd period - Stopped by Steve Shields with a rebound.
3:21 of 2nd period - Wrist shot by Jake Dowell.
3:21 of 2nd period - Stopped by Steve Shields without a rebound.
3:22 of 2nd period - Mikhail Grabovski wins face-off versus Cédric Lalonde-McNicoll in National zone.
3:49 of 2nd period - Igor Makarov is hit by Jonathan Ferland and loses puck.
4:08 of 2nd period - Slapshot by Pierre-Luc Létourneau.
4:08 of 2nd period - Stopped by Steve Shields with a rebound.
4:10 of 2nd period - Slapshot by Derek Meech.
4:10 of 2nd period - Deflect By Cédric Lalonde-McNicoll.
4:10 of 2nd period - Stopped by Steve Shields with a rebound.
4:12 of 2nd period - Slapshot by Jake Dowell.
4:12 of 2nd period - Stopped by Steve Shields with a rebound.
4:14 of 2nd period - Slapshot by Derek Meech.
4:14 of 2nd period - Deflect By Alex Berry.
4:14 of 2nd period - Shot Misses the Net.
4:14 of 2nd period - Puck is out of play.
4:15 of 2nd period - Jake Dowell wins face-off versus Cédric Lalonde-McNicoll in National zone.
4:16 of 2nd period - Snap shot by Pierre-Luc Létourneau.
4:16 of 2nd period - Shot Misses the Net.
4:37 of 2nd period - Snap shot by Alex Berry.
4:37 of 2nd period - Shot Misses the Net.
4:39 of 2nd period - Slapshot by Andrej Sekera.
4:39 of 2nd period - Stopped by Steve Shields without a rebound.
4:40 of 2nd period - Cédric Lalonde-McNicoll wins face-off versus Mikhail Grabovski in National zone.
4:47 of 2nd period - Wrist shot by Pasi Salonen.
4:47 of 2nd period - Stopped by Josh Harding with a rebound.
4:53 of 2nd period - Wrist shot by Pasi Salonen.
4:53 of 2nd period - Shot Blocked by Matt Smaby.
5:29 of 2nd period - Brendan Smith is hit by Igor Makarov and loses puck.
5:53 of 2nd period - Wrist shot by Jay Pandolfo.
5:53 of 2nd period - Shot Misses the Net.
6:05 of 2nd period - Pasi Salonen is hit by Derek Meech and loses puck.
6:15 of 2nd period - Wrist shot by Stephane Veilleux.
6:15 of 2nd period - Stopped by Steve Shields without a rebound.
6:16 of 2nd period - Ben Maxwell wins face-off versus Mikhail Grabovski in National zone.
6:16 of 2nd period - Ben Maxwell is hit by Matt Smaby.
6:49 of 2nd period - Minor Penalty to Brendan Smith for Hooking.
6:50 of 2nd period - Branko Radivojevic wins face-off versus Pasi Salonen in Inferno zone.
7:02 of 2nd period - Minor Penalty to Brian Boyle for Tripping.
7:03 of 2nd period - Pierre-Luc Létourneau wins face-off versus Cédric Lalonde-McNicoll in Inferno zone.
7:23 of 2nd period - Icing by Cédric Lalonde-McNicoll.
7:24 of 2nd period - Jake Dowell wins face-off versus Pasi Salonen in National zone.
7:30 of 2nd period - Off-side.
7:31 of 2nd period - Pierre-Luc Létourneau wins face-off versus Cédric Lalonde-McNicoll in neutral zone.
8:49 of 2nd period - Penalty to Brendan Smith is over, Brendan Smith is back on ice.
8:55 of 2nd period - Minor Penalty to Cédric Lalonde-McNicoll for Holding.
8:56 of 2nd period - Pasi Salonen wins face-off versus Mikhail Grabovski in National zone.
9:02 of 2nd period - Penalty to Brian Boyle is over, Brian Boyle is back on ice.
9:29 of 2nd period - Wrist shot by Mikhail Grabovski.
9:29 of 2nd period - Shot Blocked by William Colbert.
9:31 of 2nd period - Snap shot by Andrej Sekera.
9:31 of 2nd period - Shot Blocked by Jonathan Cheechoo.
9:33 of 2nd period - Slapshot by Brian Boyle.
9:33 of 2nd period - Shot Misses the Net.
9:35 of 2nd period - Wrist shot by Branko Radivojevic.
9:35 of 2nd period - Shot Misses the Net.
9:41 of 2nd period - Wrist shot by Branko Radivojevic.
9:41 of 2nd period - Shot Misses the Net.
9:55 of 2nd period - Wrist shot by Branko Radivojevic.
9:55 of 2nd period - Shot Misses the Net.
10:03 of 2nd period - Snap shot by Matt Smaby.
10:03 of 2nd period - Stopped by Steve Shields without a rebound.
10:04 of 2nd period - Pasi Salonen wins face-off versus Vladimir Sobotka in National zone.
10:19 of 2nd period - Snap shot by Brad Marchand.
10:19 of 2nd period - Shot Misses the Net.
10:55 of 2nd period - Penalty to Cédric Lalonde-McNicoll is over, Cédric Lalonde-McNicoll is back on ice.
11:05 of 2nd period - Slapshot by Cédric Lalonde-McNicoll.
11:05 of 2nd period - Deflect By James Marcou.
11:05 of 2nd period - Stopped by Josh Harding with a rebound.
11:07 of 2nd period - Slapshot by Mathieu Carle.
11:07 of 2nd period - Shot Blocked by Jake Dowell.
11:09 of 2nd period - Snap shot by Cédric Lalonde-McNicoll.
11:09 of 2nd period - Shot Misses the Net.
11:15 of 2nd period - Snap shot by Cédric Lalonde-McNicoll.
11:15 of 2nd period - Stopped by Josh Harding without a rebound.
11:16 of 2nd period - Ben Maxwell wins face-off versus Brian Boyle in Inferno zone.
11:43 of 2nd period - Slapshot by Vladimir Sobotka.
11:43 of 2nd period - Stopped by Steve Shields with a rebound.
11:55 of 2nd period - Slapshot by Branko Radivojevic.
11:55 of 2nd period - Stopped by Steve Shields without a rebound.
11:56 of 2nd period - Mikhail Grabovski wins face-off versus Maksim Mayorov in National zone.
12:03 of 2nd period - Slapshot by Jay Pandolfo.
12:03 of 2nd period - Stopped by Steve Shields with a rebound.
13:03 of 2nd period - Snap shot by Alex Berry.
13:03 of 2nd period - Stopped by Steve Shields with a rebound.
13:05 of 2nd period - Slapshot by Derek Meech.
13:05 of 2nd period - Stopped by Steve Shields without a rebound.
13:06 of 2nd period - Mikhail Grabovski wins face-off versus Cédric Lalonde-McNicoll in National zone.
13:21 of 2nd period - Snap shot by Mikhail Grabovski.
13:21 of 2nd period - Shot Blocked by Jonathan Cheechoo.
13:39 of 2nd period - Slapshot by Jonathan Ferland.
13:39 of 2nd period - Shot Misses the Net.
13:46 of 2nd period - Ben Maxwell is hit by Jonathan Ferland and loses puck.
14:49 of 2nd period - Slapshot by Matt Smaby.
14:49 of 2nd period - Stopped by Steve Shields with a rebound.
14:57 of 2nd period - Snap shot by Vladimir Zharkov.
14:57 of 2nd period - Shot Blocked by Daniel Rahimi.
15:12 of 2nd period - Off-side.
15:13 of 2nd period - Mikhail Grabovski wins face-off versus Ben Maxwell in neutral zone.
15:38 of 2nd period - Jonathan Cheechoo is hit by Jonathan Ferland and loses puck.
15:47 of 2nd period - Snap shot by Jonathan Ferland.
15:47 of 2nd period - Shot Misses the Net.
15:49 of 2nd period - Slapshot by Brendan Smith.
15:49 of 2nd period - Shot Blocked by Pasi Salonen.
16:05 of 2nd period - Snap shot by William Colbert.
16:05 of 2nd period - Shot Misses the Net.
16:07 of 2nd period - Snap shot by Igor Makarov.
16:07 of 2nd period - Deflect By Maksim Mayorov.
16:07 of 2nd period - Stopped by Josh Harding without a rebound.
16:08 of 2nd period - Mikhail Grabovski wins face-off versus Ben Maxwell in Inferno zone.
16:08 of 2nd period - Mikhail Grabovski is hit by Ben Maxwell.
16:50 of 2nd period - Slapshot by Matt Smaby.
16:50 of 2nd period - Stopped by Steve Shields without a rebound.
16:51 of 2nd period - Philip DeSimone wins face-off versus Jake Dowell in National zone.
17:07 of 2nd period - Snap shot by Alex Berry.
17:07 of 2nd period - Goal by Alex Berry - National : 0 - Inferno : 2.
17:08 of 2nd period - Cédric Lalonde-McNicoll wins face-off versus Mikhail Grabovski in neutral zone.
17:13 of 2nd period - Slapshot by Jonathan Cheechoo.
17:13 of 2nd period - Stopped by Josh Harding without a rebound.
17:14 of 2nd period - Cédric Lalonde-McNicoll wins face-off versus Mikhail Grabovski in Inferno zone.
17:19 of 2nd period - Slapshot by Jonathan Cheechoo.
17:19 of 2nd period - Stopped by Josh Harding without a rebound.
17:20 of 2nd period - Cédric Lalonde-McNicoll wins face-off versus Mikhail Grabovski in Inferno zone.
17:20 of 2nd period - Minor Penalty to Jay Pandolfo for Tripping.
17:21 of 2nd period - Brian Boyle wins face-off versus Cédric Lalonde-McNicoll in Inferno zone.
17:21 of 2nd period - Brian Boyle is hit by Cédric Lalonde-McNicoll.
17:53 of 2nd period - Snap shot by Guillaume Desbiens.
17:53 of 2nd period - Shot Misses the Net.
19:20 of 2nd period - Penalty to Jay Pandolfo is over, Jay Pandolfo is back on ice.
19:57 of 2nd period - Icing by Branko Radivojevic.
19:58 of 2nd period - Pasi Salonen wins face-off versus Brian Boyle in Inferno zone.
3rd period
0:01 of 3rd period - Mikhail Grabovski wins face-off versus Cédric Lalonde-McNicoll in neutral zone.
0:04 of 3rd period - Slapshot by Matt Smaby.
0:04 of 3rd period - Shot Blocked by Pasi Salonen.
0:51 of 3rd period - Dustin Kohn is hit by Jake Dowell and loses puck.
1:40 of 3rd period - Minor Penalty to Brian Boyle for Tripping.
1:41 of 3rd period - Pierre-Luc Létourneau wins face-off versus Cédric Lalonde-McNicoll in Inferno zone.
1:52 of 3rd period - Slapshot by Mathieu Carle.
1:52 of 3rd period - Stopped by Josh Harding without a rebound.
1:53 of 3rd period - Pierre-Luc Létourneau wins face-off versus Cédric Lalonde-McNicoll in Inferno zone.
3:40 of 3rd period - Penalty to Brian Boyle is over, Brian Boyle is back on ice.
3:55 of 3rd period - Snap shot by Jonathan Ferland.
3:55 of 3rd period - Stopped by Steve Shields without a rebound.
3:56 of 3rd period - Philip DeSimone wins face-off versus Mikhail Grabovski in National zone.
3:56 of 3rd period - Philip DeSimone is hit by Branko Radivojevic.
4:10 of 3rd period - Daniel Rahimi is hit by Jay Pandolfo and loses puck.
5:02 of 3rd period - Slapshot by Vladimir Zharkov.
5:02 of 3rd period - Stopped by Steve Shields with a rebound.
5:04 of 3rd period - Snap shot by Vladimir Zharkov.
5:04 of 3rd period - Stopped by Steve Shields without a rebound.
5:05 of 3rd period - Philip DeSimone wins face-off versus Vladimir Sobotka in National zone.
5:26 of 3rd period - Snap shot by Pasi Salonen.
5:26 of 3rd period - Goal by Pasi Salonen - National : 1 - Inferno : 2.
5:27 of 3rd period - Mikhail Grabovski wins face-off versus Cédric Lalonde-McNicoll in neutral zone.
5:34 of 3rd period - Wrist shot by Jay Pandolfo.
5:34 of 3rd period - Goal by Jay Pandolfo - National : 1 - Inferno : 3.
5:35 of 3rd period - Mikhail Grabovski wins face-off versus Cédric Lalonde-McNicoll in neutral zone.
5:40 of 3rd period - Slapshot by Mikhail Grabovski.
5:40 of 3rd period - Stopped by Steve Shields with a rebound.
5:42 of 3rd period - Wrist shot by Branko Radivojevic.
5:42 of 3rd period - Shot Misses the Net.
7:32 of 3rd period - Wrist shot by Philip DeSimone.
7:32 of 3rd period - Stopped by Josh Harding with a rebound.
7:45 of 3rd period - Off-side.
7:46 of 3rd period - Vladimir Sobotka wins face-off versus Cédric Lalonde-McNicoll in neutral zone.
7:55 of 3rd period - Snap shot by Brad Marchand.
7:55 of 3rd period - Shot Misses the Net.
7:57 of 3rd period - Wrist shot by Vladimir Sobotka.
7:57 of 3rd period - Stopped by Steve Shields without a rebound.
7:58 of 3rd period - Mikhail Grabovski wins face-off versus Ben Maxwell in National zone.
8:01 of 3rd period - Snap shot by Branko Radivojevic.
8:01 of 3rd period - Stopped by Steve Shields with a rebound.
8:03 of 3rd period - Wrist shot by Mikhail Grabovski.
8:03 of 3rd period - Stopped by Steve Shields with a rebound.
8:13 of 3rd period - Wrist shot by Branko Radivojevic.
8:13 of 3rd period - Stopped by Steve Shields with a rebound.
8:23 of 3rd period - Jonathan Ferland is hit by Jonathan Cheechoo and loses puck.
8:31 of 3rd period - Off-side.
8:32 of 3rd period - Jay Pandolfo wins face-off versus Pasi Salonen in neutral zone.
8:47 of 3rd period - Slapshot by Branko Radivojevic.
8:47 of 3rd period - Shot Blocked by Ty Wishart.
9:08 of 3rd period - Slapshot by Rico Fata.
9:08 of 3rd period - Shot Misses the Net.
9:27 of 3rd period - Minor Penalty to Brad Marchand for Holding.
9:28 of 3rd period - Brian Boyle wins face-off versus Cédric Lalonde-McNicoll in Inferno zone.
9:59 of 3rd period - Snap shot by Rico Fata.
9:59 of 3rd period - Stopped by Josh Harding without a rebound.
10:00 of 3rd period - Mikhail Grabovski wins face-off versus Ben Maxwell in Inferno zone.
10:24 of 3rd period - Ty Wishart is hit by Derek Meech and loses puck.
10:54 of 3rd period - Snap shot by Guillaume Desbiens.
10:54 of 3rd period - Goal by Guillaume Desbiens - National : 2 - Inferno : 3.
10:55 of 3rd period - Mikhail Grabovski wins face-off versus Cédric Lalonde-McNicoll in neutral zone.
11:06 of 3rd period - Wrist shot by Jay Pandolfo.
11:06 of 3rd period - Stopped by Steve Shields with a rebound.
11:08 of 3rd period - Slapshot by Andrej Sekera.
11:08 of 3rd period - Shot Misses the Net.
11:10 of 3rd period - Wrist shot by Mikhail Grabovski.
11:10 of 3rd period - Goal by Mikhail Grabovski - National : 2 - Inferno : 4.
11:11 of 3rd period - Pasi Salonen wins face-off versus Mikhail Grabovski in neutral zone.
11:21 of 3rd period - Minor Penalty to Branko Radivojevic for Tripping.
11:22 of 3rd period - Brian Boyle wins face-off versus Cédric Lalonde-McNicoll in Inferno zone.
11:33 of 3rd period - Slapshot by Mathieu Carle.
11:33 of 3rd period - Stopped by Josh Harding with a rebound.
11:35 of 3rd period - Wrist shot by Pasi Salonen.
11:35 of 3rd period - Shot Blocked by Andrej Sekera.
11:37 of 3rd period - Snap shot by Mathieu Carle.
11:37 of 3rd period - Stopped by Josh Harding without a rebound.
11:38 of 3rd period - Cédric Lalonde-McNicoll wins face-off versus Brian Boyle in Inferno zone.
11:39 of 3rd period - Snap shot by Pasi Salonen.
11:39 of 3rd period - Goal by Pasi Salonen - National : 3 - Inferno : 4.
11:40 of 3rd period - Mikhail Grabovski wins face-off versus Cédric Lalonde-McNicoll in neutral zone.
11:43 of 3rd period - Backhand shot by Andrej Sekera.
11:43 of 3rd period - Stopped by Steve Shields with a rebound.
12:10 of 3rd period - Slapshot by Dustin Kohn.
12:10 of 3rd period - Shot Misses the Net.
12:12 of 3rd period - Snap shot by Ty Wishart.
12:12 of 3rd period - Stopped by Josh Harding with a rebound.
12:24 of 3rd period - Backhand shot by Jonathan Cheechoo.
12:24 of 3rd period - Deflect By Cédric Lalonde-McNicoll.
12:24 of 3rd period - Stopped by Josh Harding without a rebound.
12:25 of 3rd period - Ben Maxwell wins face-off versus Mikhail Grabovski in Inferno zone.
12:36 of 3rd period - Jay Pandolfo is hit by Guillaume Desbiens and loses puck.
12:58 of 3rd period - Stephane Veilleux is hit by Igor Makarov and loses puck.
13:03 of 3rd period - Wrist shot by Mathieu Carle.
13:03 of 3rd period - Deflect By Philip DeSimone.
13:03 of 3rd period - Stopped by Josh Harding with a rebound.
14:18 of 3rd period - Snap shot by Guillaume Desbiens.
14:18 of 3rd period - Stopped by Josh Harding without a rebound.
14:19 of 3rd period - Ben Maxwell wins face-off versus Mikhail Grabovski in Inferno zone.
14:19 of 3rd period - Minor Penalty to Ben Maxwell for Holding Stick.
14:20 of 3rd period - Mikhail Grabovski wins face-off versus Pasi Salonen in National zone.
16:15 of 3rd period - Rico Fata is hit by Vladimir Sobotka and loses puck.
16:19 of 3rd period - Penalty to Ben Maxwell is over, Ben Maxwell is back on ice.
16:22 of 3rd period - Snap shot by Dustin Kohn.
16:22 of 3rd period - Stopped by Josh Harding without a rebound.
16:23 of 3rd period - Philip DeSimone wins face-off versus Jake Dowell in Inferno zone.
16:30 of 3rd period - Slapshot by Alec Martinez.
16:30 of 3rd period - Deflect By Erik Gustafsson.
16:30 of 3rd period - Stopped by Steve Shields without a rebound.
16:31 of 3rd period - Philip DeSimone wins face-off versus Stephane Veilleux in National zone.
16:46 of 3rd period - Slapshot by Erik Gustafsson.
16:46 of 3rd period - Stopped by Josh Harding without a rebound.
16:47 of 3rd period - Mikhail Grabovski wins face-off versus Pasi Salonen in Inferno zone.
16:54 of 3rd period - Minor Penalty to James Marcou for Holding.
16:55 of 3rd period - Mikhail Grabovski wins face-off versus Pasi Salonen in National zone.
17:20 of 3rd period - Pasi Salonen is hit by Brad Marchand and loses puck.
17:45 of 3rd period - Wrist shot by Jonathan Cheechoo.
17:45 of 3rd period - Stopped by Josh Harding with a rebound.
17:47 of 3rd period - Slapshot by Jonathan Cheechoo.
17:47 of 3rd period - Shot Misses the Net.
17:49 of 3rd period - Snap shot by Jonathan Cheechoo.
17:49 of 3rd period - Shot Misses the Net.
18:02 of 3rd period - Icing by Brendan Smith.
18:03 of 3rd period - Mikhail Grabovski wins face-off versus Ben Maxwell in Inferno zone.
18:16 of 3rd period - Mathieu Carle is hit by Brad Marchand and loses puck.
18:54 of 3rd period - Penalty to James Marcou is over, James Marcou is back on ice.
19:01 of 3rd period - Icing by Dustin Kohn.
19:02 of 3rd period - Stephane Veilleux wins face-off versus Cédric Lalonde-McNicoll in National zone.
19:03 of 3rd period - Wrist shot by Matt Smaby.
19:03 of 3rd period - Stopped by Steve Shields with a rebound.
19:09 of 3rd period - National, Steve Shields is pulled from the net.
19:26 of 3rd period - Wrist shot by Jonathan Cheechoo.
19:26 of 3rd period - Goal by Jonathan Cheechoo - National : 4 - Inferno : 4.
19:26 of 3rd period - Steve Shields from National was sent back in the game.
19:27 of 3rd period - Brian Boyle wins face-off versus Pasi Salonen in neutral zone.
19:27 of 3rd period - Brian Boyle is hit by James Marcou.
Overtime #1
0:01 of 1st overtime period - Mikhail Grabovski wins face-off versus Pasi Salonen in neutral zone.
0:59 of 1st overtime period - Derek Meech is hit by Ty Wishart.
1:33 of 1st overtime period - Mikhail Grabovski is hit by Igor Makarov.
1:48 of 1st overtime period - Wrist shot by William Colbert.
1:48 of 1st overtime period - Shot Misses the Net.
2:08 of 1st overtime period - Ty Wishart is hit by Brendan Smith and loses puck.
2:23 of 1st overtime period - Dustin Kohn is hit by Matt Smaby and loses puck.
2:34 of 1st overtime period - Stephane Veilleux is hit by Dustin Kohn and loses puck.
2:41 of 1st overtime period - Wrist shot by Igor Makarov.
2:41 of 1st overtime period - Goal by Igor Makarov - National : 5 - Inferno : 4.
Output by the SimonT Hockey Simulator (STHS) for François Prévost -- Original Page W3C XHTML 1.0 Valid